AoeStats
← Koti
◆

Rage Forest 2026

510134162Analyzed
4v4 RM · 3d ago on Sep 29, 2026· 33m 59s· 8 players
Game mode
Random Map
Map size
Large (8 player)
Population
200
Speed
Normal
Resources
Standard
Victory
Conquest
Starting age
Dark Age
Ending age
Dark Age
RankedLock teamsTeams togetherTeam positionsShared explorationLock speedFull tech treeHidden civsTurbo modeCheats
Victory
Defeat
🇦🇹 Maya · Austria
1500
+9
🇺🇸 Poles · United States
1455
+11
🇬🇧 Ethiopians · United Kingdom
1454
+11
🇹🇷 Spanish · Türkiye
1425
+12
🇵🇱 Britons · Poland
1432
-15
🇫🇷 Inca · France
1405
-13
🇳🇴 Berbers · Norway
1261
-8
🇳🇴 Chinese · Norway
1228
-7
Horagalles
0:32 Loom
11:15 Feudal Age
16:44 Castle Age
15:28 Double-Bit Axe
15:24 Horse Collar
25:49 Bow Saw
27:33 Heavy Plow
27:24 Gold Mining
27:25 Stone Mining
28:19 Wheelbarrow
34:09 Imperial Age
Basse
1:50 Loom
11:58 Feudal Age
15:56 Castle Age
15:04 Double-Bit Axe
15:48 Stone Mining
17:22 Bow Saw
18:38 Fletching
24:07 Bodkin Arrow
27:13 Padded Archer Armor
32:58 Imperial Age
31:09 Leather Archer Armor
33:05 Thumb Ring
33:49 Bracer
jaszkowska.aleksandra
11:41 Feudal Age
15:52 Castle Age
14:38 Double-Bit Axe
14:52 Horse Collar
17:40 Bow Saw
21:26 Wheelbarrow
22:20 Heavy Plow
22:43 Gold Mining
22:52 Loom
23:35 Stone Mining
25:03 Gold Shaft Mining
26:02 Hand Cart
34:34 Imperial Age
32:29 Fletching
33:19 Ballistics
33:00 Padded Archer Armor
33:51 Bodkin Arrow
34:38 Leather Archer Armor
Koti
0:49 Loom
9:56 Feudal Age
10:12 Champi Runner
19:02 Fletching
22:18 Double-Bit Axe
27:16 Castle Age
28:16 Bow Saw
SNWY4
0:53 Loom
10:55 Feudal Age
14:48 Castle Age
12:45 Double-Bit Axe
14:19 Horse Collar
18:10 Bow Saw
17:48 Fishing Lines
24:34 Wheelbarrow
24:49 Gold Mining
29:11 Imperial Age
26:44 Fletching
27:17 Padded Archer Armor
27:40 Ballistics
27:00 Crossbowman
28:25 Thumb Ring
28:42 Bodkin Arrow
30:53 Chemistry
29:58 Bracer
29:51 Arbalester
31:42 Siege Engineers
33:21 Leather Archer Armor
Ro Ro Din Bat
8:56 Loom
10:59 Feudal Age
11:57 Horse Collar
12:03 Double-Bit Axe
17:16 Castle Age
17:11 Gold Mining
18:42 Heavy Plow
19:06 Bow Saw
25:19 Wheelbarrow
26:50 Hand Cart
31:57 Imperial Age
29:43 Scale Barding Armor
29:48 Forging
31:35 Stone Mining
32:18 Bloodlines
32:08 Husbandry
31:59 Fletching
32:10 Padded Archer Armor
32:41 Bodkin Arrow
33:16 Thumb Ring
33:36 Leather Archer Armor
34:33 Chemistry
33:43 Masonry
33:40 Siege Engineers
33:58 Ballistics
34:15 Crop Rotation
33:54 Heavy Mounted Crossbowman
34:36 Bracer
Der Klabautermann
0:39 Loom
11:20 Feudal Age
12:02 Double-Bit Axe
11:58 Horse Collar
12:59 Town Watch
14:51 Fletching
22:13 Castle Age
20:57 Gold Mining
22:02 Padded Archer Armor
23:06 Crossbowman
24:24 Bodkin Arrow
27:28 Ballistics
27:01 Eagle Warrior
29:09 Squires
29:33 Scale Mail Armor
31:24 Chain Mail Armor
31:37 Thumb Ring
Ez4u2nv
8:49 Loom
10:52 Feudal Age
16:09 Castle Age
14:12 Double-Bit Axe
24:09 Horse Collar
28:01 Bow Saw
27:49 Fishing Lines
29:31 Wheelbarrow
32:28 Imperial Age
30:34 Scale Barding Armor
30:40 Forging
31:05 Husbandry
31:15 Bloodlines
31:22 Bloodlines
31:45 Chain Barding Armor
31:29 Heavy Plow
31:20 Gold Mining
31:46 Gillnets
32:52 Caravan
32:31 Cavalier
34:18 Plate Barding Armor
34:39 Hand Cart
34:10 Town Watch
Connection lost

Rejoining the realm…

Still unreachable

The connection could not be restored.

Session expired

The server has moved on; the page needs a fresh start.